 Dungeon Crawl Stone Soup version 0.32-a0-516-g94ed278cf8 (webtiles) character file.

Game seed: 1383976280237887672

2 GordonOverkill the Sneak (level 1, -2/17 (18) HPs)
             Began as a Coglin Delver on Feb 27, 2024.
             Killed from afar by an orc wizard (8 damage)
             ... with a magic dart
             ... on level 4 of the Dungeon.
             The game lasted 00:00:33 (82 turns).

GordonOverkill the Sneak (Coglin Delver)              Turns: 82, Time: 00:00:34

HP:   -2/17 (18)    AC:  3    Str: 12    XL:     1   Next: 30%
MP:   1/1           EV: 11    Int:  9    God:
Gold: 0             SH:  0    Dex: 15    Spells: 0/0 levels left

rFire   . . .        a - +0 hand axe {Centenhua}
rCold   . . .        (no shield)
rNeg    . . .        b - +0 leather armour
rPois   .            (no helmet)
rElec   .            (no cloak)
rCorr   .            (no gloves)
SInv    .            (no boots)
Will    .....        (no amulet)
Stlth   ++           (ring unavailable)
HPRegen 0.22/turn    (ring unavailable)
MPRegen 0.07/turn

%: no passive effects
@: hasted, drained, revved, very quick
A: off-hand wielding, slow wielding, warmup strikes, no rings
a: no special abilities


You were on level 4 of the Dungeon.
You visited 1 branch of the dungeon, and saw 3 of its levels.

Inventory:

Hand Weapons
 a - a +0 hand axe (weapon) {Centenhua}
Armour
 b - a +0 leather armour (worn)
Wands
 g - a wand of digging (3)
Scrolls
 c - a scroll of fog
 d - a scroll of revelation
 e - a scroll of fear


   Skills:
 - Level 3.0 Fighting
 + Level 2.2 Axes
 - Level 1.7 Dodging
 - Level 4.1 Stealth


You couldn't memorise any spells.
You didn't know any spells.
Your spell library was empty.

Dungeon Overview and Level Annotations

Branches:
Dungeon (6/15)
 Temple: D:4-7

Altars:


Innate Abilities, Weirdness & Mutations

You can wield a second weapon in your off-hand.
It takes a long time for you to wield or remove held weapons.
Your first few attacks do less damage.
Your grasper-arms cannot wear rings.


Message History

You hit the goblin.
You kill the goblin!
You're too confused to move!
The kobold completely misses you.
You bump into the rock wall.
The kobold closely misses you.
You hit the kobold.
The kobold is moderately wounded.
You bump into the rock wall.
The kobold closely misses you.
You barely miss the kobold.
The kobold is moderately wounded.
You hit the orc wizard but do no damage.
The orc wizard hits you but does no damage.
You feel drained. The kobold hits you with a +0 whip.
You bump into the rock wall.
You hit the kobold.
You kill the kobold!
You closely miss the orc wizard.
A sleepcap comes into view.
The orc wizard misses you.
Your life force feels restored.
You're too confused to move!
The orc wizard closely misses you.
You're too confused to move!
You feel less confused.
You hit the orc wizard.
The orc wizard is moderately wounded.
The orc wizard hits you with a +1 dagger of draining.
* * * LOW HITPOINT WARNING * * *
You feel drained.
You hit the orc wizard.
The orc wizard is severely wounded.
The orc wizard gestures at you while chanting.
The magic dart hits you.
* * * LOW HITPOINT WARNING * * *
You hit the orc wizard.
The orc wizard is severely wounded.
The orc wizard closely misses you.
You barely miss the orc wizard.
The orc wizard is severely wounded.
The orc wizard gestures at you while chanting.
The magic dart hits you!
You die...

#. #... .....
#########......
...fo{o@)......
..#######...###
..# .# #


You could see a sleepcap, an orc wizard and an orc.

Vanquished Creatures
  A goblin (D:4)
  A kobold (D:4)
2 creatures vanquished.

Notes
Turn   | Place    | Note
-------+----------+-------------------------------------------
     0 | D:5      | GordonOverkill the Coglin Delver began the quest for the
                  | Orb.
     0 | D:5      | Reached XP level 1. HP: 18/18 MP: 1/1
     1 | D:6      | Noticed a steam dragon
    36 | D:5      | Noticed an iguana
    64 | D:4      | Noticed an orc wizard
    65 | D:4      | Noticed an orc wizard
    76 | D:4      | Noticed a sleepcap
    82 | D:4      | Killed from afar by an orc wizard

Illustrated notes

Levels and vault maps discovered:
D:4:      layout_rooms, okawaru_metal_pillars_1_2, uniq_edmund, uniq_duvessa
D:5:      layout_basic
D:6:      layout_loops_ring, minmay_temple_entry_antechambers, serial_shops,
          nicolae_shop_behind_doors, uniq_menkaure, uniq_pikel

Action                     || total
---------------------------++-------
  Melee: Hand axe          ||    12
    Use: Potion            ||     1
 Armour: Leather armour    ||     9
  Dodge: Dodged            ||     7

Table legend: (Time is in decaauts)
 A = Elapsed time spent in this place.
 B = Non-inter-level travel time spent in this place.
 C = Inter-level travel time spent in this place.
 D = Time resting spent in this place.
 E = Time spent auto-exploring this place.
 F = Levels seen in this place.
 G = Mean time per level.
                   A        B        C        D        E       F      G
               +--------+--------+--------+--------+--------+-----+--------+
         Total |     79 |     79 |      0 |      0 |      0 |   3 |   26.3 |
       Dungeon |     79 |     79 |      0 |      0 |      0 |   3 |   26.3 |
               +--------+--------+--------+--------+--------+-----+--------+

Top non-repeatable levels by time:
     D:5: 61 daAuts
     D:4: 16 daAuts
     D:6: 1 daAuts
